 Dungeon Crawl Stone Soup version 0.22-a0-596-gfbd32a6 (webtiles) character file.

409 iamserjio the Chopper (level 6, -2/49 HPs)
             Began as a Demonspawn Berserker on July 5, 2018.
             Was a Believer of Trog.
             Slain by a mummy (15 damage)
             ... in an ossuary.
             The game lasted 00:04:55 (723 turns).

iamserjio the Chopper (Demonspawn Berserker)         Turns: 723, Time: 00:04:56

Health: -2/49      AC:  8    Str: 20    XL:     6   Next: 58%
Magic:  6/6        EV:  8    Int:  8    God:    Trog [**....]
Gold:   57         SH:  8    Dex: 12    Spells: 5/5 levels left

rFire    . . .     SeeInvis .   a - +0 hand axe
rCold    + . .     Gourm    .   g - +0 shield
rNeg     . . .     Faith    .   k - +0 ring mail (curse)
rPois    .         Spirit   .   (helmet restricted)
rElec    .         Reflect  .   (no cloak)
rCorr    .         Harm     .   (no gloves)
MR       .....                  (no boots)
Stlth    +.........             (no amulet)
HPRegen  0.16/turn              (no ring)
MPRegen  0.10/turn              (no ring)

@: berserk cooldown, slowed, very slow
A: antennae 1, thin metallic scales 2, cold resistance 1
a: Berserk, Trog's Hand, Renounce Religion


You were in an ossuary.
You worshipped Trog.
Trog was pleased with you.
You were near starving.

You visited 1 branch of the dungeon, and saw 4 of its levels.
You also visited: Ossuary.

You collected 57 gold pieces.

Inventory:

Hand Weapons
 a - a +0 hand axe (weapon)
Armour
 b - a +0 animal skin
 f - a +0 ring mail
 g - a +0 shield (worn)
 k - a cursed +0 ring mail (worn)
Scrolls
 d - a scroll of enchant weapon {unknown}
 e - a scroll of magic mapping {unknown}
 h - 2 scrolls of remove curse {unknown}
 i - a scroll of immolation {unknown}
 j - 3 scrolls of random uselessness {unknown}
 l - 4 scrolls of identify {unknown}
Potions
 m - 2 potions of mutation {unknown}
 n - a potion of brilliance {unknown}
 o - a potion of lignification {unknown}
 p - 3 potions of degeneration {unknown}
 q - 3 potions of curing {unknown}
Comestibles
 c - 2 rations


   Skills:
 + Level 4.4 Fighting
 * Level 5.0 Axes
 + Level 3.4 Armour
 - Level 1.7 Dodging
 * Level 1.0 Shields


You had 5 spell levels left.
You didn't know any spells.
Your spell library was empty.

Dungeon Overview and Level Annotations

Branches:
Dungeon (4/15)             Temple (0/1) D:4

Altars:
Nemelex Xobeh


Innate Abilities, Weirdness & Mutations

You have a pair of small antennae on your head.
You are mostly covered in thin metallic scales. (AC +3)
Your flesh is cold resistant. (rC+)


Message History

You feel your anger nearly subside.
You are no longer berserk.
You are exhausted.
You feel yourself slow down.
j - 3 scrolls labeled QAOLLU TAIDE (gained 1)
q - 2 ruby potions
q - 3 ruby potions (gained 1)
You hear a blaring wail to the south.
A mummy comes into view.
p - 3 puce potions (gained 1)
You see here a scroll labeled ZUNTOE OCENT.
You see here a ruby potion.
You hit the mummy but do no damage. The mummy completely misses you.
You slash the mummy!
The mummy is moderately damaged.
The mummy hits you!
* * * LOW HITPOINT WARNING * * *
You hit the mummy but do no damage.
The mummy is moderately damaged.
The mummy hits you!
You die...

### ###.### #####
##....@## #...#
#....M.?# #...#
####.#### ##.##
#.# ###.# ###M###
#.'.## ##.....##
###..###.......##
#.'...#.........#
###...'....⌠....+


You could see a mummy.

Vanquished Creatures
  2 ogres (D:4)
  A human zombie (Ossuary)
  2 worker ants (D:4)
  A big kobold zombie (Ossuary)
  4 mummies (Ossuary)
  8 adders
  A worm (D:2)
  A dart slug (D:3)
  A bat (D:1)
  A gnoll zombie (Ossuary)
  A goblin (D:2)
  2 hobgoblins
  3 kobolds (D:3)
  A quokka (D:3)
  2 frilled lizards
  A hobgoblin zombie (Ossuary)
  A jackal skeleton (D:4)
  A rat (D:1)
34 creatures vanquished.

Notes
Turn   | Place    | Note
-------+----------+-------------------------------------------
     0 | D:1      | iamserjio the Demonspawn Berserker began the quest for the Orb.
     0 | D:1      | Reached XP level 1. HP: 18/18 MP: 1/1
   149 | D:3      | Reached skill level 3 in Axes
   149 | D:3      | Gained mutation: You have a pair of small antennae on your head. [demonic ancestry]
   149 | D:3      | Reached XP level 2. HP: 23/24 MP: 2/2
   151 | D:3      | Found a sparkling altar of Nemelex Xobeh.
   187 | D:3      | Gained mutation: Your flesh is cold resistant. (rC+) [demonic ancestry]
   187 | D:3      | Reached XP level 3. HP: 13/29 MP: 3/3
   360 | D:3      | Reached XP level 4. HP: 23/35 MP: 4/4
   408 | D:4      | Found a staircase to the Ecumenical Temple.
   417 | D:4      | Noticed an ogre
   423 | D:4      | Killed an ogre
   423 | D:4      | Reached skill level 4 in Axes
   423 | D:4      | Gained mutation: You are partially covered in thin metallic scales. (AC +2) [demonic ancestry]
   423 | D:4      | Reached XP level 5. HP: 14/42 MP: 5/5
   454 | D:4      | Noticed an ogre
   476 | D:4      | Killed an ogre
   478 | D:4      | Gained mutation: You are mostly covered in thin metallic scales. (AC +3) [demonic ancestry]
   478 | D:4      | Reached XP level 6. HP: 16/48 MP: 6/6
   518 | D:4      | HP: 2/48 [poisoned by a worker ant]
   565 | D:4      | Found a sand-covered staircase.
   581 | Ossuary  | Entered an ossuary
   662 | Ossuary  | Reached skill level 5 in Axes
   701 | Ossuary  | Reached ** piety under Trog
   701 | Ossuary  | Reached skill level 1 in Shields
   723 | Ossuary  | Slain by a mummy

Vault maps used:
D:1:      sevenhm_arrival_forest_fort_small_4
D:2:      uniq_jessica
D:3:      nemelex_xobeh_ov_fountains_minmay
D:4:      temple_statues, first_ration, cheibrodos_sewer_entry_drain,
          chequers_ossuary_entry_cave, lemuel_statue_altar
Ossuary:  ossuary_crypta

Skill      XL: |  1  2  3  4  5  6 |
---------------+-------------------+-----
Axes           | 3 4 5 |  5.0
Armour         | 2 3 |  3.4
Fighting       | 4 |  4.4
Shields        | 1 |  1.0
Dodging        | |  1.7

Action                   |  1- 3 |  4- 6 || total
-------------------------+-------+-------++-------
Melee: Hand axe          |    50 |    72 ||   122
Invok: Berserk           |     3 |     4 ||     7
  Use: Potion            |       |     4 ||     4
  Eat: Chunk             |       |     4 ||     4
Armor: Ring mail         |    19 |    18 ||    37
Dodge: Dodged            |    33 |    22 ||    55
Block: Shield            |       |    11 ||    11

Table legend:
 A = Spawn XP
 B = Non-spawn XP
 C = Spawn XP percentage of total XP
 D = Spawn monster count
 E = Non-spawn monster count
 F = Spawn count percentage of total count
 G = Total turns spent on level
                    A         B        C        D         E        F      G
               +---------+---------+-------+---------+---------+-------+---------
         Total |       0 |     585 |   0.0 |       0 |      34 |   0.0 |   723
               +---------+---------+-------+---------+---------+-------+---------
           D:1 |       0 |       3 |   0.0 |       0 |       2 |   0.0 |    56
           D:2 |       0 |      37 |   0.0 |       0 |       6 |   0.0 |   173
           D:3 |       0 |      80 |   0.0 |       0 |      12 |   0.0 |   167
           D:4 |       0 |     321 |   0.0 |       0 |       6 |   0.0 |   185
       Ossuary |       0 |     144 |   0.0 |       0 |       8 |   0.0 |   142
               +---------+---------+-------+---------+---------+-------+---------
